 Dungeon Crawl Stone Soup version 0.30.0-10-gfe55d96785 (webtiles) character file.

Game seed: 12977266660637111980

143161 Kenran the Warrior (level 16, -7/162 HPs)
             Began as a Minotaur Cinder Acolyte on May 14, 2023.
             Was an Initiate of Gozag.
             Mangled by a seven-headed hydra (14 damage)
             ... called by a spriggan druid
             ... on level 4 of the Swamp.
             The game lasted 01:01:18 (27991 turns).

Kenran the Warrior (Minotaur Cinder Acolyte)       Turns: 27991, Time: 01:01:18

Health: -7/162     AC: 25    Str: 27    XL:     16   Next: 82%
Magic:  16/16      EV: 14    Int:  6    God:    Gozag
Gold:   759        SH:  6    Dex:  8    Spells: 17/17 levels left

rFire   . . .        a - +10 whip "Gativio" {venom, rPois Str+2 Int-5}
rCold   . . .        H - +2 buckler {rF+}
rNeg    . . .        C - +0 plate armour
rPois   +            n - +2 hat
rElec   .            D - +0 cloak
rCorr   .            M - +0 pair of gloves
SInv    .            w - +0 pair of boots {rampage}
Will    ++...        T - amulet of regeneration Stlth
                     U - ring "Jonoj" {rPois Will+ EV+5}
HPRegen 1.27/turn    S - +4 ring of slaying
MPRegen 0.15/turn

%: rampage
@: gold aura, fire susceptible
A: horns 2, retaliatory headbutt
a: Renounce Religion, Potion Petition, Call Merchant, Bribe Branch


You were on level 4 of the Swamp.
You worshipped Gozag.
Gozag was pleased with you.
You visited 5 branches of the dungeon, and saw 27 of its levels.
You also visited: Bailey and Ice Cave.

You collected 2885 gold pieces.
You spent 1171 gold pieces at shops.
You paid 955 gold pieces to Gozag.

Inventory:

Hand Weapons
 a - the +10 whip "Gativio" (weapon) {venom, rPois Str+2 Int-5}
   (You found it on level 9 of the Dungeon)

   Str:       It affects your strength (+2).
   Int:       It affects your intelligence (-5).
   rPois:     It protects you from poison.
Missiles
 L - 3 throwing nets (quivered)
Armour
 n - a +2 hat (worn)
 w - a +0 pair of boots of rampaging (worn)
 C - a +0 plate armour (worn)
 D - a +0 cloak (worn)
 H - a +2 buckler of fire resistance (worn)
 M - a +0 pair of gloves (worn)
 Q - a +0 crystal plate armour
Jewellery
 P - a ring of resist corrosion
 S - a +4 ring of slaying (right hand)
 T - an amulet of regeneration (around neck)
 U - the ring "Jonoj" (left hand) {rPois Will+ EV+5}
   (You bought it in a shop on level 11 of the Dungeon)

   [ring of evasion]

   EV:        It affects your evasion (+5).
   rPois:     It protects you from poison.
   Will:      It increases your willpower.
 V - a ring of flight
Wands
 y - a wand of digging (2)
 z - a wand of roots (5)
 B - a wand of flame (52)
 E - a wand of charming (22)
 I - a wand of light (7)
 X - a wand of mindburst (18)
 Z - a wand of polymorph (5)
Scrolls
 d - 5 scrolls of immolation {!r}
 i - 4 scrolls of amnesia
 j - 2 scrolls of silence
 k - a scroll of enchant weapon
 l - 2 scrolls of magic mapping
 o - 2 scrolls of brand weapon
 q - 8 scrolls of teleportation
 r - 2 scrolls of blinking
 s - a scroll of torment {!r}
 t - 6 scrolls of fear
 v - 5 scrolls of vulnerability {!r}
 F - 3 scrolls of fog
 G - 7 scrolls of poison
 N - a scroll of butterflies
 R - 7 scrolls of enchant armour
Potions
 c - 7 potions of brilliance
 e - a potion of ambrosia
 f - 10 potions of curing {@q1}
 g - 4 potions of might
 h - a potion of berserk rage {unknown}
 m - 5 potions of flight
 p - 6 potions of attraction {!q}
 u - 2 potions of lignification {unknown}
 A - 3 potions of mutation {!q}
 J - a potion of magic {unknown}
 K - a potion of heal wounds {@q2}
 O - 3 potions of haste {unknown}
 W - a potion of cancellation {unknown}
Miscellaneous
 b - a tin of tremorstones (2/2)
 x - a piece from Xom's chessboard (15/15)


   Skills:
 - Level 20.0 Fighting
 + Level 17.6 Long Blades
 - Level 16.0 Axes
 + Level 17.6 Armour
 - Level 6.0 Dodging
 - Level 4.0 Shields
 - Level 1.0 Spellcasting
 - Level 2.1 Fire Magic
 - Level 5.0 Evocations


You had 17 spell levels left.
You didn't know any spells.
Your spell library contained the following spells:

 Spells                   Type           Power      Damage    Failure   Level
 Scorch                   Fire           4%         2d5       87%         2
 Foxfire                  Conj/Fire      4%         2x1d4     88%         1
 Beastly Appendage        Tmut           0%         N/A       96%         1
 Kiss of Death            Conj/Necr      0%         2d5       96%         1
 Shock                    Conj/Air       0%         1d3       96%         1
 Sting                    Tmut/Pois      0%         1d3       96%         1
 Cigotuvi's Dreadful Rot  Necr/Pois/Air  0%         N/A       99%         2
 Ensorcelled Hibernation  Hex/Ice        0%         N/A       99%         2
 Passwall                 Tmut/Erth      0%         N/A       99%         2
 Poisonous Vapours        Pois/Air       0%         N/A       99%         2
 Sublimation of Blood     Necr           0%         N/A       99%         2
 Wereblood                Tmut           0%         N/A       99%         2
 Volatile Blastmotes      Fire/Tloc      2%         2d10      99%         3
 Confusing Touch          Hex            0%         N/A       100%        3
 Dazzling Flash           Conj/Hex       0%         N/A       100%        3
 Ignite Poison            Fire/Tmut/Pois 1%         N/A       100%        3
 Swiftness                Air            0%         N/A       100%        3
 Tukima's Dance           Hex            0%         N/A       100%        3
 Airstrike                Air            0%         2d(0-16)  100%        4
 Dispel Undead            Necr           0%         3d6       100%        4
 Fulminant Prism          Conj/Hex       0%         3d5       100%        4
 Iskenderun's Mystic Bla  Conj/Tloc      0%         2d3       100%        4
 Manifold Assault         Tloc           0%         N/A       100%        4
 Olgreb's Toxic Radiance  Pois           0%         N/A       100%        4
 Passage of Golubria      Tloc           0%         N/A       100%        4
 Summon Ice Beast         Ice/Summ       0%         N/A       100%        4
 Fireball                 Conj/Fire      0%         3d3       100%        5
 Freezing Cloud           Conj/Ice/Air   0%         6-21      100%        5
 Lee's Rapid Deconstruct  Erth           0%         3d4*      100%        5
 Yara's Violent Unravell  Hex/Tmut       0%         3d3       100%        5
 Conjure Ball Lightning   Conj/Air       0%         3x3d6     100%        6
 Dispersal                Tloc           0%         N/A       100%        6
 Plasma Beam              Fire/Air       0%         2x1d11    100%        6
 Starburst                Conj/Fire      0%         6d3       100%        6
 Ozocubu's Refrigeration  Ice            0%         4d7       100%        7
 Summon Hydra             Summ           0%         N/A       100%        7
 Discord                  Hex            0%         N/A       100%        8
 Disjunction              Tloc           0%         N/A       100%        8
 Polar Vortex             Ice            0%         N/A       100%        9
 Simulacrum               Ice/Necr       Unusable   N/A       N/A         6

Dungeon Overview and Level Annotations

Branches:
Dungeon (15/15)            Temple (1/1) D:4            Lair (5/5) D:11
  Swamp (3/4) Lair:2        Snake (0/4) Lair:2        Slime (0/5) Lair:5
    Orc (2/2) D:12            Elf (0/3) Orc:2        Vaults (0/5) D:13
 Depths (0/4) D:15         Bailey (visited)           IceCv (visited)

Altars:
Ashenzari
Cheibriados
Elyvilon
Gozag
Hepliaklqana
Makhleb
Nemelex Xobeh
Qazlal
Sif Muna
Trog
Xom
Yredelemnul
Zin
The Shining One
Jiyva

Shops:
D:4 =   D:8 *   D:11 [(*=?   Orc:2 (*=[

Portals:
Abyss: D:14

Annotations:
D:3 3 runed translucent doors, P0WERM0DE's ghost, weakling MeEE
D:11 3 runed translucent doors, Zlot's ghost, journeyman DsBr
D:13 5 runed translucent doors, McKennaii's ghost, journeyman DgCj
D:14 2 transporters, exclusion: orange crystal statue, Tivow's ghost, journeyman MfHs
D:15 exclusion: door
Orc:1 1 transporter, 1 runed translucent door, Dinant's ghost, journeyman DsMo


Innate Abilities, Weirdness & Mutations

You have a pair of horns on your head.
You reflexively headbutt those who attack you in melee.


Message History

* * * LOW HITPOINT WARNING * * *
The seven-headed hydra bites you but does no damage. x2
The swamp worm is engulfed in noxious fumes.
The swamp worm barely misses you.
The seven-headed hydra bites you but does no damage. x3
The seven-headed hydra bites you!
* * * LOW HITPOINT WARNING * * *
The seven-headed hydra bites you!
* * * LOW HITPOINT WARNING * * *
The seven-headed hydra bites you but does no damage.
The seven-headed hydra barely misses you.
As you read the scroll of teleportation, it crumbles to dust.
You feel strangely unstable.
You feel sick.
You are no longer poisoned.
The swamp drake bites you but does no damage.
You block the swamp worm's attack.
The seven-headed hydra bites you but does no damage.
You block the seven-headed hydra's attack.
The seven-headed hydra misses you.
The seven-headed hydra bites you but does no damage.
The seven-headed hydra bites you!!
* * * LOW HITPOINT WARNING * * *
The seven-headed hydra barely misses you.
The seven-headed hydra bites you.
* * * LOW HITPOINT WARNING * * *
Okay, then.
Blink to where?
Press: ? - help, Dir - move target, f - you
Okay, then.
Okay, then.
As you read the scroll of teleportation, it crumbles to dust.
You feel strangely stable. You block the swamp drake's attack.
The swamp worm bites you but does no damage.
The seven-headed hydra bites you.
* * * LOW HITPOINT WARNING * * *
The seven-headed hydra misses you.
The seven-headed hydra closely misses you.
The seven-headed hydra misses you. The seven-headed hydra bites you!
You die...
Your body crumbles into a pile of gold.

.~§.~~~..~♣ ~♣♣♣
♣♣.~~.....♣
.~~.§~§.~♣♣♣♣~~♣♣
♣~..~.~♣♣♣$
~..~~...~♣♣♣~~~~♣ ♣~.♣♣..~♣
~.~...~§$♣~$.~~~♣♣♣~~♣♣♣♣♣♣
.~~~.§~~.$.$...♣♣~~~♣♣
~~~~~~~§~~~$$$$♣♣.~.♣
~~~~§~~~~~~~~$$♣♣♣♣♣♣
~~~~~§~§~~~~k$$♣♣
~~~~~~~~~..D@~~~♣
~~~R§~~~~~.w♣♣.~~§..
~...~~~~~..♣♣~~~~..
.~...~~~§~§.~.~~§..♣
♣.~~~.. ~~~..~.. ♣....~~
~~~~~~~~ ~#§.... ~§~§
..~§.. $


You could see a seven-headed hydra (strong), a swamp worm (strong) and a swamp
drake (strong, very poisoned).

Vanquished Creatures
  Rupert (D:13)
  Kirke (Lair:4)
  An orc warlord (Orc:1)
  2 ghouls
  2 eleionomae
  5 bunyips
  An ettin (D:15)
  Josephine (Orc:2)
  2 shambling mangroves
  Erica (Orc:1)
  A rakshasa (D:14)
  5 boulder beetles
  A spriggan air mage (Swamp:2)
  A catoblepas (D:14)
  17 hydras
  A centaur warrior (D:13)
  10 two-headed ogres
  7 alligators
  2 tengu warriors (D:15)
  5 death yaks
  Urug (Lair:3)
  6 orc high priests
  9 skeletal warriors
  2 skysharks
  4 goliath frogs
  3 deep trolls
  5 spriggan druids
  5 swamp dragons
  8 bog bodies
  6 orc knights
  3 deep elf pyromancers
  3 necromancers
  A deep elf zephyrmancer (D:13)
  24 ugly things
  4 orc sorcerers
  A will-o-the-wisp (Lair:2)
  A salamander (shapeshifter) (D:14)
  5 cyclopes
  A manticore (D:11)
  11 elephants
  2 black mambas
  An ice statue (IceCv)
  A moth of wrath (shapeshifter) (D:13)
  Maggie (Lair:2)
  11 cane toads
  An efreet (D:15)
  2 rime drakes
  A yaktaur (shapeshifter) (D:13)
  3 unseen horrors
  2 freezing wraiths
  6 ice devils (IceCv)
  10 komodo dragons
  3 kobold demonologists
  4 anaconda simulacra (IceCv)
  A tengu conjurer (D:15)
  3 polar bears
  10 trolls
  11 hornets
  9 tyrant leeches
  Prince Ribbit (D:6)
  10 blink frogs
  7 dream sheep (Lair:5)
  7 spriggans
  2 dire elephant simulacra (IceCv)
  2 hogs
  45 yaks
  3 shadows
  5 wraiths (Orc:2)
  15 humans (D:13)
  7 wyverns
  4 steam dragons
  4 basilisks
  3 harpy simulacra (IceCv)
  3 nagas (Lair:2)
  4 wargs
  16 vampire mosquitoes
  2 acid dragons (D:9)
  A hydra simulacrum (IceCv)
  13 swamp worms
  12 water moccasins
  3 swamp drakes (Swamp:4)
  50 orc warriors
  2 sky beasts
  5 ogres
  7 black bears
  20 centaurs
  8 wolves
  A phantom (D:7)
  9 kobold brigands
  6 gnoll sergeants
  A scorpion (D:5)
  11 bullfrogs
  2 necrophages (Swamp:3)
  11 killer bees
  5 howler monkeys
  5 electric eels
  3 hounds
  15 jellies
  19 orc priests
  26 orc wizards
  Natasha (thrice) (D:3)
  4 iguanas
  3 sleepcaps
  A troll simulacrum (IceCv)
  4 polar bear simulacra
  A wolf simulacrum (Lair:3)
  19 gnolls
  14 adders
  A naga simulacrum (IceCv)
  A shadow imp (D:5)
  An ufetubus (D:4)
  2 worms
  A dart slug (D:3)
  71 orcs
  4 bats
  5 endoplasms
  2 giant cockroaches
  8 goblins
  9 hobgoblins
  16 jackals
  12 kobolds
  6 quokkas
  7 ball pythons
  3 frilled lizards
  8 rats
  2 butterflies (D:4)
835 creatures vanquished.

Vanquished Creatures (collateral kills)
  A human (D:13)
1 creature vanquished.

Vanquished Creatures (others)
  Nessos (D:13)
  2 bloated husks
  A necrophage (Swamp:3)
  2 orcs (Bailey)
  26 foxfires
32 creatures vanquished.

Grand Total: 868 creatures vanquished

Notes
Turn   | Place    | Note
-------+----------+-------------------------------------------
     0 | D:1      | Kenran the Minotaur Cinder Acolyte began the quest for the
                  | Orb.
     0 | D:1      | Reached XP level 1. HP: 19/19 MP: 1/1
    59 | D:1      | Reached XP level 2. HP: 16/26 MP: 2/2
   311 | D:1      | Reached skill level 5 in Axes
   687 | D:2      | Reached XP level 3. HP: 31/31 MP: 3/3
  1568 | D:3      | Reached XP level 4. HP: 35/39 MP: 4/4
  1655 | D:3      | Found a runed translucent gate.
  1655 | D:3      | Found a runed translucent gate.
  1655 | D:3      | Found a runed translucent gate.
  1660 | D:3      | Noticed P0WERM0DE's ghost (weakling MeEE)
  1839 | D:3      | Found a faded altar of an unknown god.
  1897 | D:3      | Noticed Natasha
  1903 | D:3      | Killed Natasha
  1933 | D:3      | Found a hazy altar of Hepliaklqana.
  1999 | D:3      | Reached XP level 5. HP: 40/45 MP: 5/5
  2033 | D:3      | Found a broken altar of Ashenzari.
  2333 | D:3      | Noticed Natasha
  2347 | D:3      | Killed Natasha
  2405 | D:3      | Found a hazy altar of Hepliaklqana.
  2432 | D:3      | Found a broken altar of Ashenzari.
  2581 | D:3      | Noticed Natasha
  2591 | D:3      | Killed Natasha
  2621 | D:3      | Found a runed translucent gate.
  2623 | D:3      | Found a runed translucent gate.
  2624 | D:3      | Found a runed translucent gate.
  2896 | D:4      | Reached XP level 6. HP: 51/51 MP: 6/6
  3030 | D:4      | Found a staircase to the Ecumenical Temple.
  3100 | D:4      | Found Ecloacal's Jewellery Emporium.
  3524 | D:4      | Found a shimmering altar of Xom.
  3714 | D:4      | Identified a scroll of acquirement
  3716 | D:4      | Acquired 557 gold pieces
  3744 | D:5      | Entered Level 5 of the Dungeon
  3841 | D:5      | Reached XP level 7. HP: 56/57 MP: 7/7
  3950 | D:5      | Reached skill level 10 in Axes
  3950 | D:5      | Reached skill level 4 in Fighting
  4114 | D:5      | Noticed a shadow
  4122 | D:5      | Killed a shadow
  4123 | D:5      | Reached skill level 5 in Fighting
  4275 | D:5      | Reached skill level 6 in Fighting
  4275 | D:5      | Reached skill level 1 in Armour
  4518 | D:5      | Reached XP level 8. HP: 46/70 MP: 8/8
  4874 | D:5      | Reached skill level 5 in Armour
  5337 | D:6      | Noticed Prince Ribbit
  5346 | D:6      | Killed Prince Ribbit
  5448 | D:6      | Found a stormy altar of Qazlal.
  5511 | D:6      | Found a sparkling altar of Nemelex Xobeh.
  5511 | D:6      | Found a burning altar of Makhleb.
  5524 | D:6      | Reached skill level 7 in Fighting
  5558 | D:6      | Reached skill level 8 in Fighting
  5773 | D:6      | Found a bloodstained altar of Trog.
  6060 | D:7      | Reached XP level 9. HP: 71/81 MP: 9/9
  6488 | D:7      | Found a glowing golden altar of the Shining One.
  7055 | D:8      | Noticed a two-headed ogre
  7069 | D:8      | Killed a two-headed ogre
  7679 | D:8      | Found a snail-covered altar of Cheibriados.
  7857 | D:8      | Found Goofu's General Store.
  7863 | D:8      | Bought a potion of curing for 39 gold pieces
  8052 | D:9      | Reached XP level 10. HP: 71/90 MP: 10/10
  8057 | D:9      | Reached skill level 9 in Fighting
  8341 | D:9      | Noticed a green ugly thing
  8353 | D:9      | Killed a green ugly thing
  8354 | D:9      | Reached skill level 10 in Fighting
  8362 | D:9      | Noticed a two-headed ogre
  8368 | D:9      | Killed a two-headed ogre
  8405 | D:9      | Reached skill level 10 in Armour
  8418 | D:9      | Reached skill level 1 in Evocations
  8540 | D:9      | Identified the +6 dagger "Wuutar" {elec, rF- Int+5}
  8707 | D:9      | Identified the +10 whip "Gativio" {venom, rPois Str+2
                  | Int-5}
  8730 | D:9      | Noticed a two-headed ogre
  8738 | D:9      | Killed a two-headed ogre
  8884 | D:9      | Noticed a two-headed ogre
  8891 | D:9      | Killed a two-headed ogre
  8892 | D:9      | Reached skill level 11 in Fighting
  8892 | D:9      | Reached XP level 11. HP: 84/102 MP: 11/11
  9092 | D:9      | Noticed an orc knight
  9105 | D:9      | Killed an orc knight
  9304 | D:10     | Entered Level 10 of the Dungeon
  9597 | D:10     | Found a flagged portal.
  9616 | Bailey   | Entered a bailey
 10291 | Bailey   | Reached skill level 5 in Evocations
 10299 | Bailey   | Reached skill level 12 in Fighting
 10331 | Bailey   | HP: 5/104 [centaur/javelin (9)]
 10806 | Bailey   | Got the Almanac of the Deep Freeze
 11151 | D:10     | Found a white marble altar of Elyvilon.
 11258 | D:10     | Found a basalt altar of Yredelemnul.
 11811 | D:11     | Noticed a two-headed ogre
 11821 | D:11     | Killed a two-headed ogre
 11901 | D:11     | Reached skill level 13 in Fighting
 11906 | D:11     | Noticed a two-headed ogre
 12000 | D:11     | Killed a two-headed ogre
 12095 | D:11     | Found a runed translucent gate.
 12105 | D:11     | Reached XP level 12. HP: 106/115 MP: 12/12
 12107 | D:11     | Reached skill level 15 in Axes
 12157 | D:11     | Found a runed translucent gate.
 12157 | D:11     | Found a runed translucent gate.
 12157 | D:11     | Noticed a minotaur
 12164 | D:11     | Noticed Zlot's ghost (journeyman DsBr)
 12173 | D:11     | Found Yzihegox's Magic Scroll Boutique.
 12176 | D:11     | Noticed a two-headed ogre
 12185 | D:11     | Killed a two-headed ogre
 12212 | D:11     | Noticed a two-headed ogre
 12220 | D:11     | Killed a two-headed ogre
 12349 | D:11     | Bought a scroll of identify for 28 gold pieces
 12349 | D:11     | Bought a scroll of identify for 28 gold pieces
 12363 | D:11     | Found Sateiwk's Antique Weapon Boutique.
 12384 | D:11     | Found Imiteuhe's Jewellery Emporium.
 12505 | D:11     | Bought an amulet of regeneration for 390 gold pieces
 12505 | D:11     | Bought the ring "Jonoj" {rPois Will+ EV+5} for 686 gold
                  | pieces
 12534 | D:11     | Found Sonni's General Store.
 12557 | D:11     | Found a staircase to the Lair.
 12603 | D:11     | Found Jifrehir's Antique Armour Boutique.
 12771 | D:11     | Noticed a two-headed ogre
 12777 | D:11     | Killed a two-headed ogre
 12846 | Lair:1   | Entered Level 1 of the Lair of Beasts
 12891 | Lair:1   | Reached skill level 14 in Fighting
 12939 | Lair:1   | Identified the +2 ring mail of Kufrat {rPois rC++ Str-2
                  | SInv}
 13019 | Lair:1   | Reached skill level 1 in Long Blades
 13239 | Lair:1   | Reached skill level 5 in Long Blades
 13243 | Lair:1   | Noticed a boulder beetle
 13271 | Lair:1   | Killed a boulder beetle
 13856 | Lair:2   | Found a staircase to the Snake Pit.
 14026 | Lair:2   | Noticed Maggie
 14035 | Lair:2   | Killed Maggie
 14036 | Lair:2   | Reached XP level 13. HP: 121/124 MP: 13/13
 14058 | Lair:2   | Found a staircase to the Swamp.
 14788 | Lair:3   | Reached skill level 10 in Long Blades
 14834 | Lair:3   | Reached skill level 1 in Dodging
 14880 | Lair:3   | Noticed Urug
 14889 | Lair:3   | Killed Urug
 15143 | Lair:3   | Found a frozen archway.
 15161 | IceCv    | Entered an ice cave
 15570 | IceCv    | Reached skill level 15 in Fighting
 15570 | IceCv    | Reached skill level 5 in Dodging
 16402 | Lair:4   | Reached skill level 16 in Fighting
 17037 | Lair:4   | Reached skill level 17 in Fighting
 17056 | Lair:4   | Reached XP level 14. HP: 107/140 MP: 14/14
 17579 | Lair:5   | Entered Level 5 of the Lair of Beasts
 17738 | Lair:5   | Noticed Kirke
 17828 | Lair:4   | Killed Kirke
 18175 | Lair:5   | Identified the +5 hand axe of Neqibb {heavy, *Rage rElec
                  | rPois SInv}
 18213 | Lair:5   | Found a staircase to the Slime Pits.
 18213 | Lair:5   | Found a viscous altar of Jiyva.
 18814 | D:12     | Found a staircase to the Orcish Mines.
 18836 | D:12     | Reached skill level 18 in Fighting
 19137 | D:12     | Got the Vellum of the Pyre and the Body
 19494 | D:13     | Reached skill level 15 in Armour
 19578 | D:13     | Found a large runed translucent door.
 19578 | D:13     | Found a large runed translucent door.
 19614 | D:13     | Found a gate to the Vaults.
 19614 | D:13     | Noticed Rupert
 19614 | D:13     | Noticed Nessos
 19643 | D:13     | Killed Rupert
 19671 | D:13     | Your ally Nessos died
 19934 | D:13     | Found a runed translucent gate.
 19934 | D:13     | Found a runed translucent gate.
 19935 | D:13     | Found a runed translucent gate.
 19937 | D:13     | Noticed McKennaii's ghost (journeyman DgCj)
 20446 | D:14     | You fall into a shaft and drop 1 floor!
 20446 | D:15     | Entered Level 15 of the Dungeon
 20572 | D:14     | Reached XP level 15. HP: 74/150 MP: 15/15
 21129 | D:14     | Noticed an Executioner
 21185 | D:14     | Reached skill level 19 in Fighting
 21396 | D:14     | Found a transporter.
 21399 | D:14     | Noticed Tivow's ghost (journeyman MfHs)
 21562 | D:14     | Found a one-way gate to the infinite horrors of the Abyss.
 21565 | D:14     | Found a transporter.
 22033 | D:15     | Found a shimmering blue altar of Sif Muna.
 22189 | D:15     | Found a staircase to the Depths.
 22672 | Orc:1    | Entered Level 1 of the Orcish Mines
 22725 | Orc:1    | Found a transporter.
 22779 | Orc:2    | Entered Level 2 of the Orcish Mines
 22987 | Orc:2    | Paralysed by an orc sorcerer for 3 turns
 23077 | Orc:2    | Found a staircase to the Elven Halls.
 23175 | Orc:1    | Noticed Erica
 23184 | Orc:1    | Killed Erica
 23229 | Orc:1    | Found a runed translucent door.
 23237 | Orc:1    | Noticed Dinant's ghost (journeyman DsMo)
 23426 | Orc:1    | Found a shimmering altar of Xom.
 23586 | Orc:2    | Reached skill level 20 in Fighting
 24142 | Orc:2    | Found Udarhint's General Store.
 24145 | Orc:2    | Noticed Josephine
 24162 | Orc:2    | Killed Josephine
 24239 | Orc:2    | Found Omuac's Jewellery Boutique.
 24273 | Orc:2    | Found Ohirch's Antique Armour Boutique.
 24450 | Orc:2    | Found Rokasmea's Antique Weapon Boutique.
 24676 | Swamp:1  | Entered Level 1 of the Swamp
 24711 | Lair:2   | Reached skill level 15 in Long Blades
 24847 | Lair:2   | Reached XP level 16. HP: 122/162 MP: 16/16
 25413 | Swamp:1  | Reached skill level 1 in Shields
 27107 | Temple   | Entered the Ecumenical Temple
 27112 | Temple   | Fell from the grace of Ignis
 27112 | Temple   | Became a worshipper of Gozag Ym Sagoz the Greedy
 27577 | Swamp:3  | You fall into a shaft and drop 1 floor!
 27577 | Swamp:4  | Entered Level 4 of the Swamp
 27991 | Swamp:4  | HP: 7/162 [seven-headed hydra[a spriggan druid] (3)]
 27991 | Swamp:4  | Mangled by a seven-headed hydra

Illustrated notes

Levels and vault maps discovered:
D:1:      lemuel_arrival_room, layout_basic, st_stairs_10
D:2:      layout_basic, nrook_campfire, roderic_serpentine_path,
          minmay_misc_feat_doors, kennysheep_small_spiral, dk_noncrumbling_4
D:3:      layout_loops_ring, nicolae_hepliaklqana_hazy_memory,
          ashenzari_altar_1, gammafunk_ghost_split,
          shapermc_ecumenical_altar_starsandcircs, grunt_decor_clamped,
          uniq_natasha
D:4:      layout_loops_ring, xom_butterflies, minmay_temple_entry_proselytizer,
          serial_shops, kennysheep_mini_moat, serial_park_tiny_1
D:5:      kb_forest_paths, layout_loops_ring, portal_sewer_entry_f,
          chequers_serial_rivers_room_a
D:6:      layout_rooms, lemuel_tele_altar, trog_three_pillars_becter,
          gammafunk_temple_overflow_wave, uniq_prince_ribbit1
D:7:      layout_loops_ring, kennysheep_mini
D:8:      layout_gridville, general_overflow_altar, serial_shops, shop,
          hangedman_minor_gate_pass
D:9:      nzn_winding_woodlands_medium [nzn_winding_woodlands_5x5_cross,
          nzn_winding_woodlands_5x15_pockets, nzn_winding_woodlands_5x5_three,
          nzn_winding_woodlands_5x5_checkerboard,
          nzn_winding_woodlands_center_diamonds,
          nzn_winding_woodlands_5x5_default, nzn_winding_woodlands_hourglass,
          nzn_winding_woodlands_5x15_eye, nzn_winding_woodlands_5x5_open_star],
          layout_cave_pools
D:10:     layout_rooms, mainiacjoe_overflow_tiny_flanked,
          mainiacjoe_overflow_alcove_2, enter_bailey_4
D:11:     layout_rooms, grunt_lair_entry_orc_guard_hut, serial_shops,
          nicolae_shop_real_fake_doors, shop, nicolae_shop_tiny_glass, shop,
          shop, maelrawn_ghost_gauntlet_escape
D:12:     layout_roguey, kennysheep_orc_monster_closet_entryway
D:13:     doesnt_quadruple_sword, layout_stronghold, david_vaults_3,
          serial_column_ruins, column_ruins_hut, column_ruins_square_small,
          column_ruins_open_tiny, column_ruins_corridor_water,
          column_ruins_corridor_dead_end, column_ruins_columns_dead_end,
          column_ruins_corridor_straight, ebering_ghost_rock_garden
D:14:     layout_rooms, gammafunk_ghost_abyssal_escape,
          minmay_misc_feat_ornament, minmay_statue_bubble
D:15:     hangedman_depths_entry_civil_slaughter, layout_irregular_city,
          serial_park_paths [serial_park_minivault_5x5_7], led_sif_book
Temple:   hellmonk_temple_of_storms
Lair:1:   layout_misc_corridors, serial_bayou_pond_a,
          chequers_serial_rivers_small_3, serial_bayou_shore_a,
          grunt_megastairs_4, lemuel_fruit_tree, serial_bayou_shore_b
Lair:2:   layout_cave_pods, minmay_swamp_entry_worms,
          minmay_snake_entry_guardpost_small, serial_bayou_lagoon_b,
          serial_bayou_shore_b, infiniplex_staircase_pool, uniq_maggie
Lair:3:   beargit_carnivore_pack, layout_concentric_octagons,
          portal_ice_cave_entry_ice_simulacra, beast_lair_carwin_1, uniq_urug
Lair:4:   layout_cave_pods, uniq_nessos
Lair:5:   wormcave, layout_regular_city, minmay_slime_entry_jelly_boxes,
          uniq_kirke
Swamp:1:  layout_basic_swamp, serial_swamp_ruin, evilmike_swamp_ruin_rubble_2,
          evilmike_swamp_ruin_house_1, swamp_pool1,
          nicolae_swamp_hydra_murder_den
Swamp:2:  layout_falls_marsh, nicolae_swamp_feature_on_the_river_bank,
          swamp_pool4
Swamp:3:  layout_basic_swamp, evilmike_swamp_ruin_house_5,
          hangedman_swamp_blocks, swamp_pool1
Swamp:4:  swamp_old_school, layout_basic_swamp, swamp_pool4
Orc:1:    emtedronai_trogs_sanctum, layout_caves,
          hellmonk_ghost_happy_afterlife, basic_altar, mines4_lemuel, uniq_erica
Orc:2:    grunt_orc_gardens, layout_caves, grunt_orc_garden, grunt_orc_garden,
          grunt_orc_garden, grunt_orc_garden, uniq_josephine

Skill      XL: |  1  2  3  4  5  6  7  8  9 10 11 12 13 14 15 16 |
---------------+-------------------------------------------------+-----
Axes           | 4 5 6 7 8 9 10 11 14 16 | 16.0
Fighting       | 6 8 11 13 14 17 18 20 | 20.0
Armour         | 4 6 10 11 12 16 17 | 17.6
Evocations     | 3 5 |  5.0
Long Blades    | 9 10 15 17 | 17.6
Dodging        | 6 |  6.0
Shields        | 4 |  4.0
Spellcasting   | |  1.0
Fire Magic     | |  2.1

Action                     |  1- 3 |  4- 6 |  7- 9 | 10-12 | 13-15 | 16-18 || total
---------------------------+-------+-------+-------+-------+-------+-------++-------
  Melee: Hand axe          |    74 |   186 |   357 |    10 |       |       ||   627
         Headbutt          |     6 |    13 |    50 |   119 |   389 |   135 ||   712
         Punch             |     2 |     2 |     3 |     6 |    21 |       ||    34
         War axe           |       |       |     6 |    99 |       |       ||   105
         Whip              |       |       |       |   468 |  1347 |   487 ||  2302
         Scimitar          |       |       |       |       |    84 |       ||    84
 Invoke: Fiery Armour      |     1 |       |     2 |     1 |     2 |       ||     6
         Foxfire Swarm     |       |       |     1 |       |       |       ||     1
  Evoke: Wand              |       |       |       |     6 |     5 |       ||    11
         Piece from Xom's  |       |       |       |     2 |       |       ||     2
    Use: Scroll            |       |     3 |     6 |     4 |    11 |     7 ||    31
         Potion            |       |       |     1 |     3 |     2 |     2 ||     8
   Stab: Distracted        |       |       |       |       |       |     2 ||     2
 Armour: Ring mail         |    23 |    29 |       |       |       |       ||    52
         Chain mail        |       |    53 |   105 |       |       |       ||   158
         Plate armour      |       |       |    82 |   472 |   639 |   252 ||  1445
         Skin              |       |       |     1 |       |       |       ||     1
  Dodge: Dodged            |    41 |    83 |   108 |   240 |   734 |   216 ||  1422
  Block: Buckler           |       |       |       |       |    65 |   106 ||   171
